 Dungeon Crawl Stone Soup version 0.27.1-34-g3ba077fa99 (webtiles) character file.

Game seed: 2591985183931724163

8 cbfl8 the Sneak (level 2, -2/27 HPs)
             Began as a Minotaur Delver on Jan 17, 2022.
             Slain by a water moccasin zombie (6 damage)
             ... in an ossuary.
             The game lasted 00:00:31 (279 turns).

cbfl8 the Sneak (Minotaur Delver)                    Turns: 279, Time: 00:00:32

Health: -2/27      AC:  3    Str: 16    XL:     2   Next: 0%
Magic:  1/1        EV: 11    Int:  7    God:
Gold:   9          SH:  0    Dex: 11    Spells: 1/1 levels left

rFire    . . .     SeeInvis .   a - +0 hand axe
rCold    . . .     Faith    .   (no shield)
rNeg     . . .     Spirit   .   b - +0 leather armour
rPois    .         Reflect  .   (helmet restricted)
rElec    .         Harm     .   (no cloak)
rCorr    .         Rampage  .   (no gloves)
Will     .....                  (no boots)
Stlth    ++........             (no amulet)
HPRegen  0.09/turn              (no ring)
MPRegen  0.07/turn              (no ring)

@: no status effects
A: horns 2, retaliatory headbutt
a: no special abilities


You were in an ossuary.
You visited 1 branch of the dungeon, and saw 1 of its levels.
You also visited: Ossuary.

You collected 9 gold pieces.

Inventory:

Hand Weapons
 a - a +0 hand axe (weapon)
Armour
 b - a +0 leather armour (worn)
Wands
 g - a wand of digging (3)
 h - a wand of mindburst (13)
Scrolls
 c - a scroll of fog
 d - a scroll of magic mapping
 e - a scroll of fear
Potions
 f - a potion of haste


   Skills:
 + Level 3.6 Fighting
 + Level 2.5 Axes
 + Level 2.2 Dodging
 + Level 4.4 Stealth


You had one spell level left.
You didn't know any spells.
Your spell library was empty.

Dungeon Overview and Level Annotations

Branches:
Dungeon (5/15)            Ossuary (1/1)
 Temple: D:4-7

Altars:


Innate Abilities, Weirdness & Mutations

You have a pair of horns on your head.
You reflexively headbutt those who attack you in melee.


Message History

The hobgoblin zombie misses you. You furiously retaliate!
You headbutt the hobgoblin zombie.
The water moccasin zombie closely misses you.
The adder zombie bites you.
You closely miss the adder zombie.
The adder zombie is moderately damaged.
You hit the hobgoblin zombie.
You destroy the hobgoblin zombie!
You closely miss the water moccasin zombie.
You hit the orc zombie.
The orc zombie hits you but does no damage.
The water moccasin zombie bites you but does no damage.
The adder zombie barely misses you.
You hit the adder zombie. You headbutt the adder zombie.
You destroy the adder zombie!
You barely miss the orc zombie.
You closely miss the water moccasin zombie.
You hit the orc zombie.
The water moccasin zombie bites you but does no damage.
The orc zombie barely misses you. The orc zombie hits you.
The water moccasin zombie bites you!
The orc zombie hits you but does no damage.
The orc zombie hits you.
The water moccasin zombie completely misses you.
You furiously retaliate!
You headbutt the water moccasin zombie, but do no damage.
You hit the orc zombie. Your headbutt misses the orc zombie.
The orc zombie is almost destroyed.
You hit the water moccasin zombie. You hit the orc zombie.
You destroy the orc zombie!
The water moccasin zombie bites you. The orc zombie closely misses you.
You slash the orc zombie!
You destroy the orc zombie!
You completely miss the water moccasin zombie.
The water moccasin zombie bites you.
* * * LOW HITPOINT WARNING * * *
The water moccasin zombie bites you but does no damage.
You have reached level 2!
The water moccasin zombie bites you.
You die...

##############
#!!??#...#..∩#
+?([?#.∩.'...#
#!!!?#...#...#
#### #####...#
#...# ###'#
#...# #..@#
#..Z# #...#
##+##


You could see a water moccasin zombie.

Vanquished Creatures
  An adder zombie (Ossuary)
  A hobgoblin zombie (Ossuary)
  2 kobold zombies (Ossuary)
  3 orc zombies (Ossuary)
7 creatures vanquished.

Notes
Turn   | Place    | Note
-------+----------+-------------------------------------------
     0 | D:5      | cbfl8 the Minotaur Delver began the quest for the Orb.
     0 | D:5      | Reached XP level 1. HP: 19/19 MP: 0/0
    39 | D:5      | Found a sand-covered staircase.
    48 | Ossuary  | Entered an ossuary
   268 | Ossuary  | Noticed a water moccasin zombie
   279 | Ossuary  | Reached XP level 2. HP: 4/27 MP: 1/1
   279 | Ossuary  | Slain by a water moccasin zombie

Illustrated notes

Levels and vault maps discovered:
D:5:      layout_basic, enter_ossuary_1
Ossuary:  ossuary_tomb_2

Action                   || total
-------------------------++-------
Melee: Hand axe          ||    10
       Headbutt          ||     2
 Stab: Sleeping          ||     2
Armor: Leather armour    ||    10
Dodge: Dodged            ||    11
